 Dungeon Crawl Stone Soup version 0.29.0-4-gdea44cf6ec (webtiles) character file.

Game seed: 11801068812097756981

91 qw the Ruffian (level 4, -1/35 HPs)
             Began as a Ghoul Fire Elementalist on Aug 29, 2022.
             Killed by divine providence
             ... invoked by an orc priest
              (9 damage)
             ... on level 3 of the Dungeon.
             The game lasted 00:02:25 (2776 turns).

qw the Ruffian (Ghoul Fire Elementalist)            Turns: 2776, Time: 00:02:26

Health: -1/35      AC: 11    Str: 13    XL:     4   Next: 59%
Magic:  0/5        EV:  3    Int: 10    God:
Gold:   61         SH:  0    Dex:  9    Spells: 5/6 levels left

rFire   . . .      SeeInvis .     - Unarmed
rCold   + . .      Faith    .   (no shield)
rNeg    + + +      Spirit   +   f - +1 plate armour
rPois   inf        Reflect  .   (no helmet)
rElec   .          Harm     .   (no cloak)
rCorr   .          Rampage  .   (no gloves)
Will    .....                   (no boots)
Stlth   ..........              h - amulet of guardian spirit
HPRegen 0.00/turn               (no ring)
MPRegen 0.09/turn               (no ring)

@: inhibited regen
A: claws 1, cold resistance 1, negative energy resistance 3, inhibited
regeneration, torment resistance 2, devour on kill
a: no special abilities


You were on level 3 of the Dungeon.
You visited 1 branch of the dungeon, and saw 3 of its levels.

You collected 61 gold pieces.


Innate Abilities, Weirdness & Mutations

You are immune to poison.
You have sharp fingernails.
Your flesh is cold resistant. (rC+)
You are immune to negative energy. (rN+++)
You do not regenerate when monsters are visible.
You are immune to unholy pain and torment.
You thrive by killing the living.


   Skills:
 - Level 1.0 Fighting
 - Level 1.0 Armour
 - Level 1.7 Dodging
 - Level 2.1 Stealth
 + Level 3.9 Unarmed Combat
 - Level 1.7 Spellcasting
 - Level 0.7 Conjurations
 - Level 2.4 Fire Magic


You had 5 spell levels left.
You knew the following spells:

 Your Spells              Type           Power      Damage    Failure   Level
a - Foxfire               Conj/Fire      16%        2x1d4     100%        1

Your spell library contained the following spells:

 Spells                   Type           Power      Damage    Failure   Level
 Scorch                   Fire           10%        2d5       100%        2
 Conjure Flame            Conj/Fire      4%         6-21      100%        3
 Inner Flame              Hex/Fire       3%         N/A       100%        3
 Flame Wave               Conj/Fire      4%         2d5       100%        4

Inventory:

Armour
 f - a +1 plate armour (worn)
Jewellery
 h - an amulet of guardian spirit (around neck)
Scrolls
 c - a scroll of identify
 g - 4 scrolls of teleportation
Potions
 e - a potion of berserk rage {unknown}
 j - a potion of resistance {unknown}

Dungeon Overview and Level Annotations

Branches:
Dungeon (3/15)

Altars:

Annotations:
D:3 Grinder


Message History

The orc wizard mumbles some strange words.
The orc wizard flickers and vanishes!
Deactivating autopickup; reactivate with Ctrl-A.
Grinder blinks!
An adder comes into view.
An orc comes into view. It is wielding a +2 mace of protection.
The orc shouts!
Grinder gestures at you.
You suddenly lose the ability to move!
The orc priest hits you but does no damage.
Grinder zaps a wand.
The puff of flame hits you!
You can move again.
You barely miss the orc priest.
An orc comes into view. It is wielding a +0 hand axe.
The orc priest looks braver for a moment.
You closely miss Grinder. Grinder hits you but does no damage.
Something hits you but does no damage. The orc priest barely misses you.
You scratch Grinder.
Grinder is lightly wounded.
Something hits you but does no damage. Grinder hits you but does no damage.
The orc priest completely misses you.
You scratch Grinder.
Grinder is lightly wounded.
Grinder zaps a wand.
The puff of flame hits you but does no damage.
Something hits you but does no damage.
The orc priest hits you with a +0 flail!
2775 ||| Stepping ~*~*~tactically~*~*~ (outnumbered).
The orc priest attacks as you move away!
The orc priest barely misses you.
Grinder zaps a wand.
The puff of flame hits you!
2776 ||| Stepping ~*~*~tactically~*~*~ (outnumbered).
Something hits you.
The orc priest attacks as you move away!
The orc priest barely misses you. Grinder barely misses you.
The orc priest mumbles some strange prayers to Beogh against you.
Beogh smites you!
You die...

.####.......###....(.
....#...................
....#...................
........................
........................
.###....................
.# #....................
.# #........."..........
.# #..........).@.......
.# #...........o.5..#...
.###...........).o......
.....########...S.......
.....# #...o.......
.....######.+....##.....
............#..... .....
........................
.....<............. ....


You could see Grinder, an orc priest, an adder and 2 orcs.

Vanquished Creatures
  An adder (D:2)
  2 worms (D:2)
  3 dart slugs
  3 orcs (D:3)
  5 bats
  3 endoplasms
  2 giant cockroaches
  6 goblins
  6 hobgoblins
  5 jackals
  14 kobolds
  2 quokkas (D:1)
  4 ball pythons
  A frilled lizard (D:1)
  4 rats
61 creatures vanquished.

Notes
Turn   | Place    | Note
-------+----------+-------------------------------------------
     0 | D:1      | qw the Ghoul Fire Elementalist began the quest for the Orb.
     0 | D:1      | Reached XP level 1. HP: 14/14 MP: 2/2
     0 | D:1      | 0 ||| qw: Version: 0.1-a-90-g952f4b7
     0 | D:1      | 0 ||| qw: Game counter: 4232
     0 | D:1      | 0 ||| qw: Always use a shield: true
     0 | D:1      | 0 ||| qw: God list: Okawaru
     0 | D:1      | 0 ||| qw: Allow faded altars: false
     0 | D:1      | 0 ||| qw: Do Orc after D:15 true
     0 | D:1      | 0 ||| qw: Do second Lair branch before Depths: true
     0 | D:1      | 0 ||| qw: Lair rune preference: random
     0 | D:1      | 0 ||| qw: Plans: Normal
     0 | D:1      | 0 ||| PLANNING D:1-11
    43 | D:1      | 43 ||| Stepping ~*~*~tactically~*~*~ (outnumbered).
   159 | D:1      | 159 ||| Stepping ~*~*~tactically~*~*~ (stealth).
   171 | D:1      | 171 ||| Stepping ~*~*~tactically~*~*~ (stealth).
   277 | D:1      | Reached skill level 1 in Unarmed Combat
   306 | D:1      | Reached XP level 2. HP: 20/22 MP: 3/3
   401 | D:1      | Reached skill level 1 in Fighting
   564 | D:1      | Found a faded altar of an unknown god.
   729 | D:1      | 729 ||| Stepping ~*~*~tactically~*~*~ (stealth).
   736 | D:1      | 736 ||| Stepping ~*~*~tactically~*~*~ (outnumbered).
   737 | D:1      | 737 ||| Stepping ~*~*~tactically~*~*~ (outnumbered).
   738 | D:1      | 738 ||| Stepping ~*~*~tactically~*~*~ (outnumbered).
   739 | D:1      | 739 ||| Stepping ~*~*~tactically~*~*~ (outnumbered).
   740 | D:1      | 740 ||| Stepping ~*~*~tactically~*~*~ (outnumbered).
   743 | D:1      | 743 ||| Stepping ~*~*~tactically~*~*~ (outnumbered).
   749 | D:1      | Reached skill level 2 in Unarmed Combat
   791 | D:1      | 791 ||| Stepping ~*~*~tactically~*~*~ (stealth).
  1019 | D:1      | 1019 ||| Stepping ~*~*~tactically~*~*~ (stealth).
  1051 | D:1      | Reached XP level 3. HP: 11/28 MP: 4/4
  1471 | D:1      | 1471 ||| Stepping ~*~*~tactically~*~*~ (stealth).
  1473 | D:1      | 1473 ||| Stepping ~*~*~tactically~*~*~ (stealth).
  1540 | D:1      | 1540 ||| Stepping ~*~*~tactically~*~*~ (stealth).
  1618 | D:1      | Reached skill level 3 in Unarmed Combat
  1704 | D:1      | 1704 ||| UPGRADING to +0 plate armour.
  1714 | D:1      | 1714 ||| DROPPING +0 robe.
  1715 | D:1      | 1715 ||| READING scroll labelled IFYIMU REDU.
  1716 | D:1      | 1716 ||| READING 2 scrolls labelled WOCE ZARIER.
  1720 | D:1      | 1720 ||| READING scroll labelled VIATTO WUCAMU.
  1721 | D:1      | 1721 ||| READING scroll labelled ZUHUSMORCHI.
  1722 | D:1      | 1722 ||| READING scroll labelled ENNEED SYRANEA.
  1723 | D:1      | 1723 ||| DRINKING 2 viscous blue potions.
  1724 | D:1      | 1724 ||| DROPPING potion of magic.
  1725 | D:1      | 1725 ||| DROPPING potion of flight.
  1820 | D:2      | 1820 ||| Stepping ~*~*~tactically~*~*~ (hiding).
  1833 | D:2      | 1833 ||| Stepping ~*~*~tactically~*~*~ (stealth).
  1842 | D:2      | 1842 ||| Stepping ~*~*~tactically~*~*~ (stealth).
  1907 | D:2      | Reached skill level 1 in Armour
  1999 | D:2      | 1999 ||| READING scroll of enchant armour.
  1999 | D:2      | 1999 ||| ENCHANTING +0 plate armour.
  2027 | D:2      | Reached XP level 4. HP: 35/35 MP: 5/5
  2322 | D:2      | 2322 ||| Stepping ~*~*~tactically~*~*~ (stealth).
  2688 | D:2      | 2688 ||| UPGRADING to amulet of guardian spirit.
  2693 | D:2      | 2693 ||| READING 2 scrolls labelled CUOMOR ZIAP.
  2694 | D:2      | 2694 ||| READING scroll labelled JAETAE WIOR.
  2695 | D:2      | 2695 ||| DROPPING scroll of immolation.
  2760 | D:3      | Noticed Grinder
  2769 | D:3      | Paralysed by Grinder for 2 turns
  2775 | D:3      | 2775 ||| Stepping ~*~*~tactically~*~*~ (outnumbered).
  2776 | D:3      | 2776 ||| Stepping ~*~*~tactically~*~*~ (outnumbered).
  2776 | D:3      | HP: 8/35 [something (1)]
  2776 | D:3      | Killed from afar by an orc priest

Levels and vault maps discovered:
D:1:      matt_arrival_los_fun, layout_basic, dilly_ecumenical_altar_fadedgnrine
D:2:      layout_basic, serial_park_tiny_pond
D:3:      layout_basic, minivault_26, kennysheep_big_empty_room, uniq_robin,
          uniq_grinder

Skill      XL: |  1  2  3 |
---------------+----------+-----
Unarmed Combat | 1 2 3 |  3.9
Fighting       | 1 |  1.0
Armour         | 1 |  1.0
Dodging        | |  1.7
Stealth        | |  2.1
Spellcasting   | |  1.7
Conjurations   | |  0.7
Fire Magic     | |  2.4

Action                   |  1- 3 |  4- 6 || total
-------------------------+-------+-------++-------
Melee: Unarmed           |   157 |    60 ||   217
       Punch             |     1 |     3 ||     4
Throw: Javelin           |     4 |    13 ||    17
  Use: Scroll            |     6 |     2 ||     8
       Potion            |     1 |       ||     1
Armor: Robe              |    20 |       ||    20
       Plate armour      |    16 |    40 ||    56
Dodge: Dodged            |    70 |    11 ||    81

Table legend:
 A = Non-vault XP
 B = Vault XP
 C = Vault XP percentage of total XP
 D = Non-vault monster count
 E = Vault monster count
 F = Vault count percentage of total count
                 A         B        C        D         E       F
            +---------+---------+-------+---------+---------+-------
      Total |     131 |       0 |   0.0 |      61 |       0 |   0.0
            +---------+---------+-------+---------+---------+-------
        D:1 |      57 |       0 |   0.0 |      32 |       0 |   0.0
        D:2 |      64 |       0 |   0.0 |      25 |       0 |   0.0
        D:3 |      10 |       0 |   0.0 |       4 |       0 |   0.0
            +---------+---------+-------+---------+---------+-------
